[Event "8th Palmanova Open 2019"]
[Site "Palmanova"]
[Date "2019.12.07"]
[Round "3.4"]
[White "Lumachi, Gabriele"]
[Black "Trussevich, Sergey"]
[Result "1/2-1/2"]
[ECO "A30"]
[WhiteElo "2241"]
[BlackElo "2280"]
[Annotator "NA"]
[PlyCount "135"]
[EventDate "2019.12.06"]
[EventType "swiss"]
[EventCountry "ITA"]
[SourceTitle "playchess.com"]
[Source "ChessBase"]
[SourceQuality "1"]
[TimeControl "5400+30"]

1. Nf3 c5 2. c4 e6 3. g3 b6 4. Bg2 Bb7 5. O-O Nf6 6. b3 Be7 7. Bb2 O-O 8. d3 a6 9. Na3 Qc7 10. e3 Bc6 11. Qe2 Qb7 12. e4 d6 13. Nd2 b5 14. f4 Nfd7 15. Bh3 Re8 16. Nc2 Qc7 17. g4 bxc4 18. Nxc4 d5 19. Nd2 dxe4 20. Nxe4 Bb7 21. Ne3 Nc6 22. Rac1 Qd8 23. g5 Nd4 24. Qf2 Bf8 25. Bg2 Rb8 26. Ng4 Nf5 27. h4 Bxe4 28. dxe4 Nd4 29. Kh1 f5 30. Ne3 g6 31. Rcd1 Nb6 32. Nc2 Bg7 33. e5 Nd5 34. Nxd4 cxd4 35. Rxd4 Qa5 36. Bxd5 exd5 37. Ra4 Qb5 38. Rd1 Rbc8 39. Qg2 Kh8 40. Rad4 Qa5 41. Ra4 Qc5 42. Bd4 Qb5 43. Qd2 Qc6 44. Qd3 Re6 45. Ra5 Bf8 46. Kg1 Bb4 47. Ra4 Qb7 48. Bf2 d4 49. a3 Bc5 50. Rc4 Bxa3 51. Rxc8+ Qxc8 52. Qxd4 Qc6 53. Qd8+ Re8 54. Qf6+ Qxf6 55. gxf6 Kg8 56. Rd7 Re6 57. Rg7+ Kh8 58. Rb7 Kg8 59. Rb8+ Kf7 60. Rh8 Rc6 61. Rxh7+ Ke6 62. Ra7 Bb4 63. Kg2 a5 64. Rg7 Rc2 65. Kf1 Rc1+ 66. Kg2 Rc2 67. Kf1 Rc1+ 68. Kg2 1/2-1/2

[Event "8th Palmanova Open 2019"]
[Site "Palmanova"]
[Date "2019.12.07"]
[Round "3.5"]
[White "Belli, Giorgio"]
[Black "Savanovic, Aleksandar"]
[Result "0-1"]
[ECO "B05"]
[WhiteElo "2136"]
[BlackElo "2420"]
[Annotator "NA"]
[PlyCount "76"]
[EventDate "2019.12.06"]
[EventType "swiss"]
[EventCountry "ITA"]
[SourceTitle "playchess.com"]
[Source "ChessBase"]
[SourceQuality "1"]
[TimeControl "5400+30"]

1. e4 Nf6 2. e5 Nd5 3. d4 d6 4. Nf3 Bg4 5. Be2 e6 6. c4 Nb6 7. exd6 cxd6 8. Nc3 Be7 9. d5 e5 10. h3 Bh5 11. g4 Bg6 12. h4 h5 13. g5 Qc8 14. Be3 N6d7 15. Rc1 a5 16. Bd3 Na6 17. Bxg6 fxg6 18. Qd3 O-O 19. Nd2 Kh7 20. Nce4 Ndc5 21. Qb1 Nxe4 22. Nxe4 Rf3 23. Kd2 a4 24. Ng3 Qg4 25. Ne4 Bd8 26. Rcg1 Ba5+ 27. Ke2 Rxe3+ 28. Kxe3 Qf4+ 29. Ke2 Rf8 30. Qd3 Nc5 31. Nxc5 Qxf2+ 32. Kd1 Rf3 33. Qe2 Qd4+ 34. Kc1 Rf2 35. Ne6 Qa7 36. Qxf2 Qxf2 37. Rf1 Qd2+ 38. Kb1 a3 0-1

[Event "8th Palmanova Open 2019"]
[Site "Palmanova"]
[Date "2019.12.07"]
[Round "3.6"]
[White "Garau, Francesca"]
[Black "Forti, Francesco"]
[Result "0-1"]
[ECO "C06"]
[WhiteElo "1830"]
[BlackElo "1903"]
[Annotator "NA"]
[PlyCount "46"]
[EventDate "2019.12.06"]
[EventType "swiss"]
[EventCountry "ITA"]
[SourceTitle "playchess.com"]
[Source "ChessBase"]
[SourceQuality "1"]
[TimeControl "5400+30"]

1. e4 e6 2. d4 d5 3. Nd2 Nf6 4. e5 Nfd7 5. Ngf3 c5 6. c3 Nc6 7. Bd3 cxd4 8. cxd4 f6 9. O-O Be7 10. Nh4 O-O 11. Ng6 hxg6 12. Bxg6 fxe5 13. Qh5 Nf6 14. Qh3 e4 15. Nf3 exf3 16. Bg5 Bb4 17. Bxf6 Rxf6 18. Qh7+ Kf8 19. a3 Ba5 20. Qh8+ Ke7 21. Qxg7+ Kd6 22. h4 Qf8 23. Qh7 Bd7 0-1

[Event "8th Palmanova Open 2019"]
[Site "Palmanova"]
[Date "2019.12.07"]
[Round "3.7"]
[White "Bisaro, Andrea"]
[Black "Hercegovac, Neven"]
[Result "0-1"]
[ECO "A58"]
[WhiteElo "1845"]
[BlackElo "2003"]
[Annotator "NA"]
[PlyCount "90"]
[EventDate "2019.12.06"]
[EventType "swiss"]
[EventCountry "ITA"]
[SourceTitle "playchess.com"]
[Source "ChessBase"]
[SourceQuality "1"]
[TimeControl "5400+30"]

1. d4 Nf6 2. c4 c5 3. d5 b5 4. cxb5 a6 5. bxa6 g6 6. Nc3 Bg7 7. e4 O-O 8. Nf3 Qa5 9. Bd2 Bxa6 10. Bxa6 Qxa6 11. Qe2 e6 12. Qxa6 Nxa6 13. O-O exd5 14. exd5 Nb4 15. a3 Nbxd5 16. Rfd1 Rfb8 17. Rab1 Rb3 18. Be1 Nc7 19. Rd6 Ra6 20. Rxa6 Nxa6 21. Nd2 Rb8 22. f3 d5 23. Bg3 Rb7 24. Be5 d4 25. Nd1 Re7 26. Nc4 Nd5 27. Bxg7 Kxg7 28. Kf1 Nf4 29. Nf2 f5 30. g3 Nd5 31. Re1 Rb7 32. Nd1 f4 33. Re6 Nb8 34. Re5 Rd7 35. gxf4 Nc6 36. Re6 Nd8 37. Re5 d3 38. Re4 Nf6 39. Re5 Rd4 40. Rxc5 Rxf4 41. Kg2 Ne6 42. Rc8 Nd5 43. a4 Ne7 44. Kg3 Nxc8 45. a5 Rxc4 0-1

[Event "8th Palmanova Open 2019"]
[Site "Palmanova"]
[Date "2019.12.07"]
[Round "3.8"]
[White "Maione, Melissa"]
[Black "Savanovic, Maksim"]
[Result "0-1"]
[ECO "B15"]
[WhiteElo "1836"]
[BlackElo "2062"]
[Annotator "NA"]
[PlyCount "54"]
[EventDate "2019.12.06"]
[EventType "swiss"]
[EventCountry "ITA"]
[SourceTitle "playchess.com"]
[Source "ChessBase"]
[SourceQuality "1"]
[TimeControl "5400+30"]

1. e4 c6 2. d4 d5 3. Nd2 dxe4 4. Nxe4 Nf6 5. Nxf6+ exf6 6. c3 Bd6 7. Bd3 O-O 8. Qc2 Re8+ 9. Be3 h6 10. O-O-O Be6 11. c4 Nd7 12. Ne2 b5 13. c5 Bc7 14. Kb1 a5 15. Be4 Nb8 16. Nf4 Bxf4 17. Bxf4 Qd7 18. Bd6 Na6 19. d5 cxd5 20. Bd3 Nb4 21. Qc1 Nxd3 22. Rxd3 Bf5 23. Qd2 Qe6 24. f3 Qe3 25. Rd1 d4 26. Kc1 Bxd3 27. Qxe3 dxe3 0-1

[Event "8th Palmanova Open 2019"]
[Site "Palmanova"]
[Date "2019.12.07"]
[Round "3.9"]
[White "Laco, Giuseppe"]
[Black "Bozza, Gabriele"]
[Result "1/2-1/2"]
[ECO "B20"]
[WhiteElo "1972"]
[BlackElo "1948"]
[Annotator "NA"]
[PlyCount "146"]
[EventDate "2019.12.06"]
[EventType "swiss"]
[EventCountry "ITA"]
[SourceTitle "playchess.com"]
[Source "ChessBase"]
[SourceQuality "1"]
[TimeControl "5400+30"]

1. c4 e6 2. e4 c5 3. Nc3 Nc6 4. f4 d6 5. Nf3 g6 6. d3 Bg7 7. Be3 Nge7 8. Qd2 O-O 9. g4 f5 10. exf5 exf5 11. g5 Nd4 12. Bg2 Be6 13. Bxd4 cxd4 14. Ne2 Qb6 15. Rb1 d5 16. Rc1 dxc4 17. dxc4 Rad8 18. b3 a5 19. Qd3 Qc5 20. O-O Nc6 21. Kh1 Rfe8 22. Rce1 Nb4 23. Qd2 b5 24. a3 Nc6 25. cxb5 Qxb5 26. Rb1 Bd5 27. Ng3 Re3 28. a4 Qb6 29. Ne1 Bxg2+ 30. Qxg2 Nb4 31. Nf3 Nd5 32. Nd2 Qb4 33. Rf2 d3 34. Nc4 Re1+ 35. Rxe1 Qxe1+ 36. Nf1 Bc3 37. Qf3 Qe4 38. Nfd2 Bxd2 39. Nxd2 Qe1+ 40. Kg2 Ne3+ 41. Kh3 Ng4 42. Rg2 Qe3 43. Qxe3 Nxe3 44. Rg3 Nd5 45. Rf3 Nb4 46. Re3 Rd4 47. Kg3 Kf7 48. Rf3 Nd5 49. Rf1 Nc3 50. Kf3 Nd5 51. Kg3 Re4 52. Rf3 Rd4 53. h4 Nc3 54. Kf2 Ne4+ 55. Ke3 Rd5 56. Rh3 Nc3 57. h5 Kg7 58. hxg6 hxg6 59. Rh1 Rd8 60. Rc1 Nd5+ 61. Kf3 Re8 62. Nf1 Re4 63. Rc4 Rxc4 64. bxc4 Nb6 65. c5 Nxa4 66. c6 Kf7 67. Nd2 Nb6 68. Nc4 Nd5 69. Nxa5 Ke7 70. Nc4 Kd8 71. Ne5 d2 72. Ke2 Nxf4+ 73. Kxd2 Ne6 1/2-1/2

[Event "8th Palmanova Open 2019"]
[Site "Palmanova"]
[Date "2019.12.07"]
[Round "3.10"]
[White "Gregoric, Andraz"]
[Black "Herega, Nejc"]
[Result "1-0"]
[ECO "B73"]
[WhiteElo "2036"]
[BlackElo "2009"]
[Annotator "NA"]
[PlyCount "75"]
[EventDate "2019.12.06"]
[EventType "swiss"]
[EventCountry "ITA"]
[SourceTitle "playchess.com"]
[Source "ChessBase"]
[SourceQuality "1"]
[TimeControl "5400+30"]

1. e4 c5 2. Nf3 g6 3. d4 cxd4 4. Nxd4 Bg7 5. Nc3 Nc6 6. Be3 Nf6 7. Be2 O-O 8. O-O d6 9. h3 Bd7 10. Nb3 Rc8 11. f4 a6 12. Bf3 b5 13. Qd2 Qc7 14. Rf2 Rfd8 15. Nd5 Qb8 16. Rd1 Be8 17. Nd4 Qb7 18. c3 e6 19. Nxf6+ Bxf6 20. f5 Nxd4 21. cxd4 Qe7 22. fxe6 fxe6 23. Bg4 Bd7 24. Rdf1 Rf8 25. Bh6 Bg7 26. Bg5 Rxf2 27. Rxf2 Qe8 28. Bf6 Bxf6 29. Rxf6 Qe7 30. Qg5 Re8 31. e5 Kg7 32. h4 dxe5 33. dxe5 Qc5+ 34. Kh2 Qc2 35. Qf4 Bc6 36. Rf7+ Kg8 37. Bh3 Qe4 38. Qf6 1-0

[Event "8th Palmanova Open 2019"]
[Site "Palmanova"]
[Date "2019.12.08"]
[Round "4.1"]
[White "Margl, Roland"]
[Black "Zamengo, Fulvio"]
[Result "1/2-1/2"]
[ECO "D20"]
[WhiteElo "2249"]
[BlackElo "2357"]
[Annotator "NA"]
[PlyCount "154"]
[EventDate "2019.12.06"]
[EventType "swiss"]
[EventCountry "ITA"]
[SourceTitle "playchess.com"]
[Source "ChessBase"]
[SourceQuality "1"]
[TimeControl "5400+30"]

1. d4 e6 2. e4 d5 3. exd5 exd5 4. Nf3 Bd6 5. c4 dxc4 $14 6. Bxc4 Nf6 7. O-O O-O 8. Bg5 Nc6 9. Nc3 h6 10. Bh4 Bg4 11. d5 Ne5 12. Be2 Ng6 13. Bg3 Bxg3 14. hxg3 Re8 15. Re1 a6 16. Qb3 Qd6 17. Qxb7 Reb8 18. Qc6 Qxc6 19. dxc6 Rxb2 20. Rab1 Rc2 21. Rec1 Rxc1+ 22. Rxc1 Ne7 23. Rb1 Nxc6 24. Rb7 Ne8 25. Nd5 Bc8 26. Rb2 Be6 27. Nf4 Bd7 28. a3 Rb8 29. Rc2 Rb1+ 30. Bf1 Nf6 31. Nd2 Rd1 32. f3 g5 33. Ne2 Nd5 34. Kf2 Ne5 35. Nd4 Ba4 36. Rb2 c5 37. N4b3 Bxb3 38. Nxb3 c4 39. Rd2 Rxd2+ 40. Nxd2 Nb6 41. Ke3 c3 42. Nb3 Nec4+ 43. Kd4 Nxa3 44. Bxa6 Na4 45. Bc8 c2 46. Bd7 Nb6 47. Bc6 Nbc4 48. Nc1 Kg7 49. Bd5 Nd6 50. g4 Kf6 51. Bb3 Nab5+ 52. Kd3 Ke5 53. Bxc2 Nd4 54. Bd1 Ne6 55. Ke3 Nf4 56. g3 Nd5+ 57. Kd3 Nb4+ 58. Ke3 Nc4+ 59. Kf2 Kd4 60. Bb3 Ne5 61. Ke2 f6 62. Be6 Ned3 63. Nxd3 Nxd3 64. Bc8 Nc1+ 65. Kd2 Nb3+ 66. Ke2 Nc5 67. Bf5 Nb7 68. Bc8 Nd6 69. Bd7 Nc4 70. Bf5 Ke5 71. Bd3 Nb6 72. Bh7 Nc4 73. Bd3 Nd6 74. Ke3 Kd5 75. Bh7 Nc4+ 76. Kd3 Nb2+ 77. Kc2 Na4 1/2-1/2

[Event "8th Palmanova Open 2019"]
[Site "Palmanova"]
[Date "2019.12.08"]
[Round "4.2"]
[White "Lekic, Dusan"]
[Black "Kobal, Sasa"]
[Result "1-0"]
[ECO "B06"]
[WhiteElo "2347"]
[BlackElo "2100"]
[Annotator "NA"]
[PlyCount "131"]
[EventDate "2019.12.06"]
[EventType "swiss"]
[EventCountry "ITA"]
[SourceTitle "playchess.com"]
[Source "ChessBase"]
[SourceQuality "1"]
[TimeControl "5400+30"]

1. d4 d6 2. Nf3 g6 3. e4 Bg7 4. Bc4 Nf6 5. Qe2 c6 6. Bb3 O-O 7. O-O d5 8. e5 $14 Ne4 9. Ne1 h6 10. Nd3 Na6 11. c3 c5 12. Nf4 cxd4 13. cxd4 e6 14. Be3 Bd7 15. f3 Ng5 16. Nc3 Nc7 17. Bc2 Rc8 18. h4 Nh7 19. h5 g5 20. Qd3 f5 21. exf6 Nxf6 22. Ng6 Rf7 23. Ne5 Re7 24. g4 Bb5 25. Nxb5 Nxb5 26. Rac1 Nd6 27. Bf2 Rec7 28. Bg3 a6 29. Rf2 Qe8 30. Ng6 Rc6 31. Re1 Nc4 32. Bb1 Rb6 33. Ree2 Qd7 34. Kg2 Bf8 35. Ne5 Qg7 36. Qd1 Bd6 37. b3 Na3 38. Bg6 Bxe5 39. Rxe5 Nb5 40. a4 Nc3 41. Qd3 Rbc6 42. Rc2 b5 43. axb5 Nxb5 44. Rce2 Qd7 45. Qd2 Nc3 46. Re1 Nb5 47. Bf2 Rb8 48. Bb1 Nc3 49. Bc2 a5 50. Qd3 a4 51. bxa4 Qf7 52. a5 Nd7 53. R5e3 Rbc8 54. Qd2 Qf4 55. Qd3 Ne4 56. Rxe4 dxe4 57. Rxe4 Qf6 58. Bb3 Nf8 59. d5 Rc3 60. Qd1 Rc1 61. Qe2 e5 62. d6+ Kh8 63. Rxe5 Qxd6 64. Rd5 Qf4 65. Bd4+ Kh7 66. Qe7+ 1-0

[Event "8th Palmanova Open 2019"]
[Site "Palmanova"]
[Date "2019.12.08"]
[Round "4.3"]
[White "Savanovic, Aleksandar"]
[Black "Lumachi, Gabriele"]
[Result "1/2-1/2"]
[ECO "C67"]
[WhiteElo "2420"]
[BlackElo "2241"]
[Annotator "NA"]
[PlyCount "89"]
[EventDate "2019.12.06"]
[EventType "swiss"]
[EventCountry "ITA"]
[SourceTitle "playchess.com"]
[Source "ChessBase"]
[SourceQuality "1"]
[TimeControl "5400+30"]

1. e4 e5 2. Nf3 Nc6 3. Bb5 Nf6 4. O-O Nxe4 5. d4 Nd6 6. Bxc6 dxc6 7. dxe5 Nf5 8. Qxd8+ Kxd8 9. Nc3 Bd7 10. h3 $11 Ne7 11. Ng5 Ke8 12. Re1 h6 13. e6 fxe6 14. Nxe6 Bxe6 15. Rxe6 Kf7 16. Re2 Nf5 17. Ne4 Re8 18. c3 Nd6 19. Ng3 Rxe2 20. Nxe2 Be7 21. Bf4 Bf6 22. Rd1 Re8 23. Kf1 Be5 24. Bxe5 Rxe5 25. Rd2 a5 26. g4 a4 27. b3 axb3 28. axb3 Ra5 29. f3 c5 30. Kf2 Ra3 31. Rb2 Ra1 32. h4 h5 33. c4 hxg4 34. fxg4 c6 35. Ng3 b5 36. Rd2 Ke6 37. Re2+ Kf7 38. Rd2 Ke6 39. Re2+ Kf7 40. Ne4 Nxe4+ 41. Rxe4 Rb1 42. Re3 Rc1 43. Re4 Rb1 44. Re3 Rc1 45. Re4 1/2-1/2

[Event "8th Palmanova Open 2019"]
[Site "Palmanova"]
[Date "2019.12.08"]
[Round "4.4"]
[White "Trussevich, Sergey"]
[Black "Ghersinich, Enrico"]
[Result "0-1"]
[ECO "A06"]
[WhiteElo "2280"]
[BlackElo "2157"]
[Annotator "NA"]
[PlyCount "76"]
[EventDate "2019.12.06"]
[EventType "swiss"]
[EventCountry "ITA"]
[SourceTitle "playchess.com"]
[Source "ChessBase"]
[SourceQuality "1"]
[TimeControl "5400+30"]

1. Nf3 d5 2. e3 Nf6 3. b3 g6 4. Bb2 Bg7 5. Be2 O-O 6. O-O b6 7. c4 Bb7 8. cxd5 Bxd5 9. Qc2 c5 10. d3 Nbd7 11. Nbd2 Qc7 12. h3 Rfe8 $14 13. Rac1 Qb7 14. Qb1 Rad8 15. a3 Bh6 16. b4 Qa8 17. Qa1 Bb7 18. e4 Nh5 19. g3 Qb8 20. Kh2 Be3 21. Kg2 Bxf2 22. Rxf2 Qxg3+ 23. Kf1 Nf4 24. Ng1 Ba6 25. Nc4 Nxe2 26. Kxe2 Ne5 27. Nxe5 Rxd3 28. Nc4 Rd2+ 29. Kxd2 Qxf2+ 30. Kc3 Qg3+ 31. Kc2 Bxc4 32. Bc3 Qg2+ 33. Bd2 Qxe4+ 34. Kc3 Qd3+ 35. Kb2 Qe4 36. Bc3 Rd8 37. Qb1 Be6 38. Ka1 Qc4 0-1

[Event "8th Palmanova Open 2019"]
[Site "Palmanova"]
[Date "2019.12.08"]
[Round "4.5"]
[White "Forti, Francesco"]
[Black "Dappiano, Andrea"]
[Result "1/2-1/2"]
[ECO "A90"]
[WhiteElo "1903"]
[BlackElo "2258"]
[Annotator "NA"]
[PlyCount "96"]
[EventDate "2019.12.06"]
[EventType "swiss"]
[EventCountry "ITA"]
[SourceTitle "playchess.com"]
[Source "ChessBase"]
[SourceQuality "1"]
[TimeControl "5400+30"]

1. d4 e6 2. c4 f5 3. g3 Nf6 4. Bg2 d5 5. Nh3 c6 6. O-O Bd6 7. Bf4 Be7 8. Nc3 O-O 9. Bxb8 Rxb8 10. Nf4 $17 (10. cxd5 $11 {remains equal.} exd5 11. Rc1) 10... Ne4 11. Nd3 Bd7 12. Ne5 Be8 13. Nxe4 dxe4 14. f3 Bg5 15. f4 Be7 16. c5 b6 17. b4 Qd5 18. e3 g5 19. Qa4 a5 20. a3 gxf4 21. gxf4 bxc5 22. bxc5 Qb3 23. Qxb3 Rxb3 24. Nc4 Bd7 25. Kf2 Bh4+ 26. Kg1 Rfb8 27. Rfc1 Be8 28. Bf1 Bh5 29. Rc2 Bd8 30. Raa2 Bc7 31. Rab2 a4 32. Rxb3 Rxb3 33. Rb2 Kf8 34. Rxb3 axb3 35. Kf2 Bd1 36. Ke1 Bc2 37. Kd2 Ke8 38. Be2 Bd8 39. Bd1 Bd3 40. Bxb3 Bxc4 41. Bxc4 Kd7 42. Ke2 h6 43. Kd2 h5 44. h3 h4 45. Ke2 Ba5 46. Kf2 Bc3 47. Ke2 Bb2 48. a4 Bc3 1/2-1/2

[Event "8th Palmanova Open 2019"]
[Site "Palmanova"]
[Date "2019.12.08"]
[Round "4.6"]
[White "Savanovic, Maksim"]
[Black "Belli, Giorgio"]
[Result "0-1"]
[ECO "A47"]
[WhiteElo "2062"]
[BlackElo "2136"]
[Annotator "NA"]
[PlyCount "78"]
[EventDate "2019.12.06"]
[EventType "swiss"]
[EventCountry "ITA"]
[SourceTitle "playchess.com"]
[Source "ChessBase"]
[SourceQuality "1"]
[TimeControl "5400+30"]

1. d4 Nf6 2. Bf4 e6 3. e3 b6 4. Nf3 Bb7 5. Nbd2 Be7 6. h3 O-O 7. Bd3 c5 8. c3 d6 9. O-O Nc6 10. Qe2 Rc8 $11 11. Bh2 Re8 12. a3 Bf8 13. e4 d5 14. e5 Nd7 15. Qe3 f6 16. Qf4 g6 17. h4 Bg7 18. Rae1 Rf8 19. Qg4 f5 20. Qg3 Bh6 21. Re2 a6 22. Qh3 b5 23. g4 Ne7 24. Kh1 Kf7 25. h5 Rh8 26. Nh4 Ke8 27. hxg6 hxg6 28. Nxg6 Nxg6 29. gxf5 Bf4 30. Qg4 Rxh2+ 31. Kg1 Rh6 32. fxe6 Ndf8 33. Nf3 Qe7 34. Kg2 Nh4+ 35. Nxh4 Qxh4 36. Qxh4 Rxh4 37. Bf5 Rc7 38. Kf3 Rg7 39. Ree1 Bh2 {[%emt 0:10:39] Ke4} 0-1

[Event "8th Palmanova Open 2019"]
[Site "Palmanova"]
[Date "2019.12.08"]
[Round "4.7"]
[White "Hercegovac, Neven"]
[Black "Gregoric, Andraz"]
[Result "0-1"]
[ECO "C50"]
[WhiteElo "2003"]
[BlackElo "2036"]
[Annotator "NA"]
[PlyCount "56"]
[EventDate "2019.12.06"]
[EventType "swiss"]
[EventCountry "ITA"]
[SourceTitle "playchess.com"]
[Source "ChessBase"]
[SourceQuality "1"]
[TimeControl "5400+30"]

1. e4 e5 2. Nf3 Nc6 3. Bc4 Bc5 4. O-O Nf6 5. d4 Bxd4 6. Nxd4 Nxd4 7. f4 d6 8. fxe5 dxe5 9. Bg5 Qe7 10. Na3 Qc5 $14 (10... Rg8 $15) 11. Kh1 Be6 12. Bxe6 Nxe6 13. Bxf6 gxf6 14. Rxf6 Qe7 15. Rf2 Rd8 16. Rd2 O-O 17. c3 Qg5 18. Rxd8 Rxd8 19. Qf3 Qf4 20. Qxf4 Nxf4 21. Nc4 f6 22. a4 Nd3 23. Rf1 Nf2+ 24. Kg1 Nxe4 25. Na5 Kg7 26. Nxb7 Rb8 27. Na5 Rxb2 28. Rc1 Ra2 0-1

[Event "8th Palmanova Open 2019"]
[Site "Palmanova"]
[Date "2019.12.08"]
[Round "4.8"]
[White "Bordin, Silvia"]
[Black "Laco, Giuseppe"]
[Result "0-1"]
[ECO "B42"]
[WhiteElo "1905"]
[BlackElo "1972"]
[Annotator "NA"]
[PlyCount "138"]
[EventDate "2019.12.06"]
[EventType "swiss"]
[EventCountry "ITA"]
[SourceTitle "playchess.com"]
[Source "ChessBase"]
[SourceQuality "1"]
[TimeControl "5400+30"]

1. e4 c5 2. Nf3 e6 3. d4 cxd4 4. Nxd4 a6 5. Bd3 b5 6. Qe2 Bb7 7. O-O Qc7 8. c4 bxc4 9. Bxc4 Qe5 $11 10. Nb3 Qxe4 11. Qxe4 Bxe4 12. Nc3 Bc6 13. Re1 Bb4 14. Bd2 Ne7 15. a3 Bd6 16. Rac1 Bc7 17. Nd4 Bb6 18. Nxc6 Nbxc6 19. Bf4 O-O 20. Bd6 Rfc8 21. b3 Nf5 22. Ne4 Nxd6 23. Nxd6 Rcb8 24. b4 g6 25. h3 Bd8 26. Rc2 Ra7 27. Rd1 Ne5 28. Be2 f5 29. f4 Nf7 30. Rcd2 Bb6+ 31. Kf1 Be3 32. Rd3 Nxd6 33. Rxd6 Bxf4 34. Rxd7 Rxd7 35. Rxd7 Rb6 36. Ra7 Bc1 37. Rxa6 Rxa6 38. Bxa6 Bxa3 39. Bc4 Kf7 40. b5 Bc5 41. Ke2 Kf6 42. Kf3 e5 43. Bg8 h6 44. Bc4 g5 45. Bg8 h5 46. Bc4 e4+ 47. Ke2 h4 48. Kf1 Ke5 49. Bf7 Kf4 50. Be6 g4 51. hxg4 Kxg4 52. Ke2 Kf4 53. Bc8 Kg5 54. Bd7 h3 55. gxh3 f4 56. Bg4 Kh4 57. Bf5 f3+ 58. Kf1 e3 59. Bd3 Kxh3 60. Bf5+ Kg3 61. Bd3 Kf4 62. b6 Bxb6 63. Bb5 Ke5 64. Ke1 Ba5+ 65. Kf1 Kd4 66. Ba6 Kc3 67. Ke1 Kc2+ 68. Kf1 Kd2 69. Kg1 e2 0-1

[Event "8th Palmanova Open 2019"]
[Site "Palmanova"]
[Date "2019.12.08"]
[Round "4.9"]
[White "Bozza, Gabriele"]
[Black "Bisaro, Andrea"]
[Result "0-1"]
[ECO "D52"]
[WhiteElo "1948"]
[BlackElo "1845"]
[Annotator "NA"]
[PlyCount "100"]
[EventDate "2019.12.06"]
[EventType "swiss"]
[EventCountry "ITA"]
[SourceTitle "playchess.com"]
[Source "ChessBase"]
[SourceQuality "1"]
[TimeControl "5400+30"]

1. d4 d5 2. c4 c6 3. Nf3 Nf6 4. Nc3 e6 5. Bg5 Nbd7 6. e3 Qa5 7. cxd5 exd5 8. Bxf6 Nxf6 9. Bd3 Be7 10. Qc2 $11 O-O 11. a3 Bg4 12. Ne5 Be6 13. O-O h6 14. f4 Rfe8 15. Rae1 Bd6 16. Kh1 a6 17. b4 Qc7 18. Na4 Rad8 19. Nc5 Bxc5 20. bxc5 Re7 21. f5 Bc8 22. Qf2 Nh7 23. Qh4 Rde8 24. f6 Nxf6 25. Rxf6 gxf6 26. Qxh6 Rxe5 27. Bh7+ Kh8 28. dxe5 Qxe5 29. Bf5+ Kg8 30. Qh7+ Kf8 31. Bxc8 Qc3 32. Rf1 Rxe3 33. Qh4 Qe5 34. Bxb7 Qe6 35. Bxa6 Rxa3 36. Bb7 Re3 37. h3 Ke7 38. Qf4 Qe5 39. Bxc6 d4 40. Ba4 Rc3 41. c6 d3 42. Qb4+ Qc5 43. Qb7+ Kf8 44. Qc8+ Kg7 45. Qg4+ Kf8 46. Qh4 d2 47. Qxf6 Qc4 48. Qh6+ Kg8 49. Qxd2 Qxf1+ 50. Kh2 Qf6 0-1

[Event "8th Palmanova Open 2019"]
[Site "Palmanova"]
[Date "2019.12.08"]
[Round "5.1"]
[White "Zamengo, Fulvio"]
[Black "Lekic, Dusan"]
[Result "1-0"]
[ECO "A12"]
[WhiteElo "2277"]
[BlackElo "2291"]
[Annotator "NA"]
[PlyCount "45"]
[EventDate "2019.12.06"]
[EventType "swiss"]
[EventCountry "ITA"]
[SourceTitle "playchess.com"]
[Source "ChessBase"]
[SourceQuality "1"]
[TimeControl "5400+30"]

1. e3 Nf6 2. b3 d5 3. Bb2 Bf5 4. c4 e6 5. Nf3 h6 6. Be2 c6 7. Ne5 Nbd7 8. f4 Nxe5 9. fxe5 Ng4 10. cxd5 Qh4+ 11. g3 Qg5 12. dxc6 O-O-O 13. cxb7+ Kb8 14. Bxg4 Bxg4 15. Qc2 Qh5 16. Bd4 Kxb7 17. Qe4+ Kb8 18. O-O Be2 19. Nc3 Bxf1 20. Rxf1 Be7 21. Qc6 Rxd4 22. exd4 Rd8 23. Nb5 1-0

[Event "8th Palmanova Open 2019"]
[Site "Palmanova"]
[Date "2019.12.08"]
[Round "5.2"]
[White "Ghersinich, Enrico"]
[Black "Margl, Roland"]
[Result "0-1"]
[ECO "B13"]
[WhiteElo "2106"]
[BlackElo "2279"]
[Annotator "NA"]
[PlyCount "96"]
[EventDate "2019.12.06"]
[EventType "swiss"]
[EventCountry "ITA"]
[SourceTitle "playchess.com"]
[Source "ChessBase"]
[SourceQuality "1"]
[TimeControl "5400+30"]

1. d4 d5 2. Bf4 c5 3. e3 cxd4 4. exd4 Nc6 5. c3 Bf5 6. Qb3 Qd7 7. Nf3 e6 8. Bb5 Bd6 9. Ne5 Qc7 10. Qa4 Nge7 11. Bxc6+ bxc6 12. Bg3 O-O 13. Nd2 f6 14. Nef3 e5 15. Nb3 Bc2 16. Qa5 Nf5 17. Qxc7 Bxc7 18. Nc5 Nxg3 19. hxg3 Rfe8 20. Kd2 Bf5 21. Rhe1 a5 22. Re3 a4 23. Rae1 e4 24. Ng1 Reb8 25. Kc1 Bd6 26. Ne2 Ra5 27. f3 Bxc5 28. dxc5 Rab5 29. c4 Rxc5 30. Rc3 exf3 31. gxf3 Re8 32. Kd2 d4 33. Rcc1 Rd8 34. g4 Bg6 35. Nf4 Rb8 36. Nxg6 Rxb2+ 37. Kd3 hxg6 38. Kxd4 Ra5 39. Rb1 a3 40. Kc3 Rxa2 41. Rb8+ Kf7 42. Rb7+ Kf8 43. Rd1 Re2 44. Rdd7 a2 45. Kd3 a1=Q 46. Kxe2 Qe5+ 47. Kd3 Ra3+ 48. Kd2 Qe3+ 0-1

[Event "8th Palmanova Open 2019"]
[Site "Palmanova"]
[Date "2019.12.08"]
[Round "5.3"]
[White "Dappiano, Andrea"]
[Black "Savanovic, Aleksandar"]
[Result "0-1"]
[ECO "C45"]
[WhiteElo "2305"]
[BlackElo "2407"]
[Annotator "NA"]
[PlyCount "112"]
[EventDate "2019.12.06"]
[EventType "swiss"]
[EventCountry "ITA"]
[SourceTitle "playchess.com"]
[Source "ChessBase"]
[SourceQuality "1"]
[TimeControl "5400+30"]

1. e4 e5 2. Nf3 Nc6 3. d4 exd4 4. Nxd4 Nf6 5. Nxc6 bxc6 6. e5 Qe7 7. Qe2 Nd5 8. c4 Qb4+ 9. Qd2 Qxd2+ 10. Bxd2 Nb4 11. Na3 Bc5 12. Be2 a5 13. Bc3 O-O 14. O-O d6 15. Bf3 Be6 16. Rfd1 Rab8 17. exd6 cxd6 18. Rd2 Rfc8 19. Nc2 Bxc4 20. Nd4 Bxd4 21. Bxd4 Bxa2 22. Bc3 Bd5 23. Rxa5 Bxf3 24. Bxb4 Rxb4 25. gxf3 d5 26. Rc2 g6 27. Rxd5 Rxb2 28. Rcc5 cxd5 29. Rxc8+ Kg7 30. Rd8 Rb5 31. Kf1 Kf6 32. Rd6+ Ke5 33. Rd7 Ke6 34. Rd8 Rb1+ 35. Kg2 Rb7 36. Kf1 Rd7 37. Rh8 h5 38. Ra8 Ke5 39. Ra6 Kd4 40. Ra4+ Kc3 41. Ra3+ Kb4 42. Ra8 Re7 43. Rd8 Kc4 44. f4 d4 45. f5 gxf5 46. Rc8+ Kb3 47. Rd8 Kc3 48. Rc8+ Kd2 49. Ra8 Re1+ 50. Kg2 d3 51. Ra2+ Kc3 52. Ra3+ Kc4 53. Ra4+ Kb3 54. Rd4 Kc3 55. Rd8 d2 56. Rc8+ Kb4 0-1

[Event "8th Palmanova Open 2019"]
[Site "Palmanova"]
[Date "2019.12.08"]
[Round "5.4"]
[White "Lumachi, Gabriele"]
[Black "Kobal, Sasa"]
[Result "1-0"]
[ECO "B07"]
[WhiteElo "2031"]
[BlackElo "1768"]
[Annotator "NA"]
[PlyCount "77"]
[EventDate "2019.12.06"]
[EventType "swiss"]
[EventCountry "ITA"]
[SourceTitle "playchess.com"]
[Source "ChessBase"]
[SourceQuality "1"]
[TimeControl "5400+30"]

1. d4 d6 2. g3 g6 3. Bg2 Bg7 4. e4 Nd7 5. Ne2 e5 6. O-O Ngf6 7. Nbc3 O-O 8. h3 c6 9. a4 Re8 10. d5 cxd5 11. Nxd5 Nxd5 12. Qxd5 Nf6 13. Qd1 Be6 14. Nc3 Qa5 15. Nb5 Red8 16. Bd2 Qb6 17. Be3 Qc6 18. Nxa7 Qa6 19. Nb5 Bc4 20. Nc7 Qc6 21. Nxa8 Bxf1 22. Qxf1 Rxa8 23. Qd3 Rxa4 24. Rxa4 Qxa4 25. Qxd6 h5 26. Qb8+ Kh7 27. Qxb7 Qxc2 28. b4 Qb1+ 29. Kh2 Qa2 30. b5 Bh6 31. Qa7 Qc4 32. Qc5 Qa2 33. Bxh6 Kxh6 34. Qxe5 Kg7 35. Qd4 Qb1 36. b6 h4 37. e5 hxg3+ 38. fxg3 Nh5 39. g4 1-0